 Dungeon Crawl Stone Soup version 0.18.1-5-g4a78601 (webtiles) character file.

233 Zhenya25pyc the Cudgeler (level 6, -5/38 HPs)
             Began as a Gargoyle Fighter on May 11, 2016.
             Was a Follower of Okawaru.
             Slain by an ogre
             ... wielding a +0 giant club
              (14 damage)
             ... on level 4 of the Dungeon.
             The game lasted 00:03:38 (1889 turns).

Zhenya25pyc the Cudgeler (Gargoyle Fighter)         Turns: 1889, Time: 00:03:39

Health: -5/38      AC: 11    Str: 21    XL:     6   Next: 5%
Magic:  6/6        EV:  7    Int:  8    God:    Okawaru [*.....]
Gold:   129        SH:  9    Dex: 10    Spells: 0 memorised, 5 levels left

rFire  . . .     SeeInvis .     w - +0 morningstar
rCold  . . .     Gourm    .     b - +0 scale mail
rNeg   + . .     Faith    .     c - +0 shield
rPois  ∞         Spirit   .     (no helmet)
rElec  +         Dismiss  .     (no cloak)
rCorr  .         Reflect  .     (no gloves)
SustAt .         Harm     .     (no boots)
MR     .....                    (no amulet)
Stlth  ..........               (no ring)
                                (no ring)

@: not resistant to hostile enchantments, extremely unstealthy
A: negative energy resistance 1, electricity resistance, unbreathing,
petrification resistance, rot immunity, AC +4
a: Heroism, Renounce Religion


You were on level 4 of the Dungeon.
You worshipped Okawaru.
Okawaru was aware of your devotion.
You were not hungry.

You visited 1 branch of the dungeon, and saw 4 of its levels.

You collected 129 gold pieces.

Inventory:

Hand Weapons
 w - a +0 morningstar (weapon)
Armour
 b - a +0 scale mail (worn)
 c - a +0 shield (worn)
Jewellery
 u - a cursed ring of teleportation {unknown}
Wands
 t - a wand of flame (29/48)
Scrolls
 e - 4 scrolls of remove curse
 g - a scroll of blinking {unknown}
 h - 2 scrolls of amnesia
 i - a scroll of enchant weapon {unknown}
 j - a scroll of magic mapping {unknown}
 k - 7 scrolls of identify {unknown}
 o - a scroll of fog {unknown}
 r - a scroll of fear {unknown}
 s - a scroll of teleportation {unknown}
 x - a scroll of noise {unknown}
Potions
 d - a potion of might
 m - a potion of degeneration {unknown}
 n - a potion of brilliance {unknown}
 q - a potion of agility {unknown}
 v - a potion of haste {unknown}
Comestibles
 a - 3 chunks of flesh
 f - a bread ration
 l - 3 fruits
 p - a meat ration


   Skills:
 + Level 4.2 Fighting
 * Level 4.3 Maces & Flails
 + Level 4.1 Armour
 + Level 4.3 Shields


You had 5 spell levels left.
You didn't know any spells.

Dungeon Overview and Level Annotations

Branches:
Dungeon (4/15)
 Temple: D:4-7

Altars:
Okawaru
Pakellas
Sif Muna


Innate Abilities, Weirdness & Mutations

You are resistant to torment.
Your stone body is resilient (AC +4).
You are immune to poison.
You resist negative energy.
You are resistant to electric shocks.
You can survive without breathing.
You are immune to petrification.
You are immune to rotting.


Message History

The phantom hits you but does no damage.
You climb upwards.
There is a stone staircase leading down here.
The ogre hits you with a giant club! You block the jackal's attack.
You climb downwards.
There is a stone staircase leading up here.
Your shield prevents you from hitting the ogre.
You block the jackal's attack. The ogre hits you with a giant club.
* * * LOW HITPOINT WARNING * * *
The jackal barely misses you.
You are too injured to fight recklessly!
You are too injured to fight recklessly!
You are too injured to fight recklessly!
You are too injured to fight recklessly!
You are too injured to fight recklessly!
You hit the ogre.
The ogre is lightly wounded.
The jackal bites you but does no damage.
The ogre hits you with a giant club!
You die...

####### .......
#### .......
$...#
.......###.....#
#.†@.......
#..Oh...+#.
#.......+
##......#
##......#
######.# .# #


You could see an ogre and a jackal.

Vanquished Creatures
  A howler monkey (D:4)
  A centaur skeleton (D:4)
  A giant frog skeleton (D:3)
  Ijyb (D:2)
  6 adders
  An ooze (D:3)
  3 dart slugs
  3 giant geckos
  3 orcs (D:3)
  3 bats
  2 giant cockroaches
  5 goblins
  6 hobgoblins
  A quokka (D:2)
  2 ball pythons
  4 giant newts
  3 kobolds
  4 rats
50 creatures vanquished.

Vanquished Creatures (others)
  A wasp (D:2)
1 creature vanquished.

Grand Total: 51 creatures vanquished

Notes
Turn   | Place    | Note
--------------------------------------------------------------
     0 | D:1      | Zhenya25pyc the Gargoyle Fighter began the quest for the Orb.
     0 | D:1      | Reached XP level 1. HP: 14/14 MP: 1/1
   248 | D:1      | Reached XP level 2. HP: 15/19 MP: 2/2
   615 | D:2      | Reached XP level 3. HP: 18/23 MP: 3/3
   686 | D:2      | Found an iron altar of Okawaru.
   727 | D:2      | Became a worshipper of Warmaster Okawaru
   744 | D:2      | Noticed Ijyb
   758 | D:2      | Killed Ijyb
   758 | D:2      | Reached XP level 4. HP: 14/29 MP: 4/4
  1054 | D:2      | Found an oddly glowing altar of Pakellas.
  1054 | D:2      | Noticed an orange crystal statue
  1055 | D:2      | Noticed a wasp
  1077 | D:2      | Killed a wasp
  1360 | D:3      | Found a deep blue altar of Sif Muna.
  1427 | D:3      | Reached XP level 5. HP: 31/33 MP: 5/5
  1863 | D:4      | Noticed a phantom
  1875 | D:4      | Reached * piety under Okawaru
  1875 | D:4      | Reached XP level 6. HP: 32/38 MP: 6/6
  1889 | D:4      | Slain by an ogre

Skill      XL: |  1  2  3  4  5 |
---------------+----------------+-----
Maces & Flails | 3 4 |  4.3
Fighting       | 4 |  4.2
Shields        | 4 |  4.3
Armour         | 4 |  4.1

Action                   |  1- 3 |  4- 6 || total
-------------------------+-------+-------++-------
Melee: Flail             |    61 |   111 ||   172
       Hand axe          |    11 |       ||    11
       Morningstar       |       |    62 ||    62
  Use: Scroll            |       |     2 ||     2
  Eat: Chunk             |       |     4 ||     4
Armor: Scale mail        |    40 |   140 ||   180
Dodge: Dodged            |    22 |    83 ||   105
Block: Shield            |    33 |   128 ||   161
